 Dungeon Crawl Stone Soup version 0.30-a0-137-gd8773701ce (webtiles) character file.

Game seed: 14410500487341853724

6 juncz the Magician (level 2, 20/22 HPs)
             Began as a Djinni Conjurer on Sept 24, 2022.
             Quit the game on level 1 of the Dungeon.
             The game lasted 00:00:32 (235 turns).

juncz the Magician (Djinni Conjurer)                 Turns: 235, Time: 00:00:32

Health: 20/22      AC:  2    Str:  6    XL:     2   Next: 0%
Gold:   18         EV: 12    Int: 19    God:
                   SH:  0    Dex: 11

rFire   + + .      SeeInvis .    (no weapon)
rCold   x . .      Faith    .    (no shield)
rNeg    . . .      Spirit   .    a - +0 robe
rPois   ∞          Reflect  .    (no helmet)
rElec   .          Harm     .    (no cloak)
rCorr   .          Rampage  .    (no gloves)
Will    .....                    (boots unavailable)
Stlth   ++........               (no amulet)
HPRegen 0.07/turn                (no ring)
MPRegen 0.00/turn                (no ring)

@: flying
A: sickness immunity, fire resistance 2, cold vulnerability 1, float, innate
caster, HP casting, extra vitality 1
a: no special abilities


You were on level 1 of the Dungeon.
You visited 1 branch of the dungeon, and saw 1 of its levels.

You collected 18 gold pieces.

Inventory:

Armour
 a - a +0 robe (worn)
Scrolls
 c - a scroll of vulnerability {unknown}
Potions
 b - a potion of mutation {unknown}


   Skills:
 + Level 0.9 Fighting
 - Level 2.1 Dodging
 - Level 1.5 Stealth
 + Level 3.4 Spellcasting


You couldn't memorise any spells.
You knew the following spells:

 Your Spells              Type           Power      Damage    Failure   Level
a - Magic Dart            Conj           64%        1d6       3%          1
b - Searing Ray           Conj           32%        2d5       5%          2
c - Dazzling Flash        Conj/Hex       32%        N/A       11%         3
d - Fulminant Prism       Conj/Hex       8%         3d7       34%         4
e - Iskenderun's Mystic   Conj/Tloc      16%        2d5       34%         4
Your spell library was empty.

Dungeon Overview and Level Annotations

Branches:
Dungeon (1/15)

Altars:


Innate Abilities, Weirdness & Mutations

You are immune to sickness and miasma.
You are immune to poison.
Your flesh is very heat resistant. (rF++)
You are vulnerable to cold. (rC-)
You float through the air rather than walking.
You learn spells naturally, not from books.
Your magical power is your life essence.
You have superior vitality. (+4 MHP)


Message History

A bat comes into view.
The magic dart hits the bat.
You kill the bat!
HP restored.
Found an escape hatch in the floor.
b - a viscous coppery potion A hobgoblin comes into view.
The magic dart hits the hobgoblin.
The hobgoblin is severely wounded.
The hobgoblin shouts!
The magic dart hits the hobgoblin.
You kill the hobgoblin!
A rat comes into view.
The magic dart hits the rat.
You kill the rat!
You now have 18 gold pieces (gained 4).
A ball python comes into view.
Found a scroll labelled XIWUFOPRANOSK.
The magic dart hits the ball python.
You kill the ball python!
A ball python comes into view.
The magic dart hits the ball python.
The ball python is severely wounded.
The ball python hisses angrily.
A ball python is nearby!
The magic dart hits the ball python.
You kill the ball python!
c - a scroll labelled XIWUFOPRANOSK A rat comes into view.
The magic dart hits the rat.
You kill the rat!
Found a stone staircase leading down.
A kobold comes into view. It is wielding a +0 whip.
Found 14 gold pieces.
The magic dart hits the kobold but does no damage.
The kobold shouts!
The magic dart hits the kobold.
You kill the kobold!
You have reached level 2!
Are you sure you want to abandon this character and quit the game? (Confirm with "yes".)

#.#..# ##.# ...###...##
#.# ....†...## #.. #
...####.########.#####
......................
.........########....#
..####................
...#####..........####..
.).....@.....##### ##.
.............# #.
.#.............# #.
...##..#.......# ####.
.. #..#>......# ###....
$ ...#.......# #...##.
....#.......###.####.
.....#.....†.....# ##
......#..####


There were no monsters in sight!

Vanquished Creatures
  A hobgoblin (D:1)
  A kobold (D:1)
  2 ball pythons (D:1)
  A bat (D:1)
  2 rats (D:1)
7 creatures vanquished.

Notes
Turn   | Place    | Note
-------+----------+-------------------------------------------
     0 | D:1      | juncz the Djinni Conjurer began the quest for the Orb.
     0 | D:1      | juncz set off with the following spells memorised: Magic
                  | Dart, Searing Ray, Dazzling Flash, Fulminant Prism,
                  | Iskenderun's Mystic Blast.
     0 | D:1      | Reached XP level 1. HP: 15/15 MP: 0/0
   235 | D:1      | Reached XP level 2. HP: 20/22 MP: 0/0
   235 | D:1      | Quit the game

Illustrated notes

Levels and vault maps discovered:
D:1:      dpeg_arrival_shrine, layout_rooms, dreamdust_ecumenical_altar_statues,
          minmay_pentomino_t4

Action                   || total
-------------------------++-------
 Cast: Magic Dart        ||    10

Table legend: (Time is in decaauts)
 A = Elapsed time spent in this place.
 B = Non-inter-level travel time spent in this place.
 C = Inter-level travel time spent in this place.
 D = Time resting spent in this place.
 E = Time spent auto-exploring this place.
 F = Levels seen in this place.
 G = Mean time per level.
                   A        B        C        D        E       F      G
               +--------+--------+--------+--------+--------+-----+--------+
         Total |    235 |    235 |      0 |      0 |    214 |   1 |  235.0 |
       Dungeon |    235 |    235 |      0 |      0 |    214 |   1 |  235.0 |
               +--------+--------+--------+--------+--------+-----+--------+

Top non-repeatable levels by time:
     D:1: 235 daAuts
